 Dungeon Crawl Stone Soup version 0.31.0-12-g77e489cdc1 (webtiles) character file.

Game seed: 13166426472319100041

3684 Sobaton the Cleaver (level 9, -3/81 HPs)
             Began as a Minotaur Fighter on Feb 26, 2024.
             Was a Believer of Trog.
             Slain by a six-headed hydra (6 damage)
             ... on level 8 of the Dungeon.
             The game lasted 00:16:27 (5058 turns).

Sobaton the Cleaver (Minotaur Fighter)              Turns: 5058, Time: 00:16:27

Health: -3/81      AC: 19    Str: 26    XL:     9   Next: 90%
Magic:  8/8        EV:  7    Int:  5    God:    Trog [**....]
Gold:   434        SH:  5    Dex:  9    Spells: 8/8 levels left

rFire   . . .        l - +16 obsidian axe {drain, demonic, Mesm ^Drain Fly SInv}
rCold   . . .        c - +0 buckler
rNeg    . . .        v - +0 plate armour
rPois   .            (helmet restricted)
rElec   .            q - +2 cloak of the Bard {rCorr}
rCorr   +            e - +0 pair of gloves
SInv    +            p - +0 pair of boots
Will    .....        (no amulet) Stlth
                     (no ring)
HPRegen 0.33/turn    (no ring)
MPRegen 0.11/turn

%: no passive effects
@: flying, mesmerised
A: horns 2, retaliatory headbutt
a: Renounce Religion, Berserk, Trog's Hand


You were on level 8 of the Dungeon.
You worshipped Trog.
Trog was pleased with you.
You visited 1 branch of the dungeon, and saw 8 of its levels.
You also visited: Sewer.

You collected 434 gold pieces.

Inventory:

Hand Weapons
 l - the +16 obsidian axe (weapon) {drain, demonic, Mesm ^Drain Fly SInv}
   (You found it on level 2 of the Dungeon)

   Mesm:      Its wielder is mesmerised by any visible foes, and it cannot be
   unequipped while any foes are visible.
   SInv:      It lets you see invisible.
   Fly:       It grants you flight.
   ^Drain:    It drains your maximum health when unequipped.
Missiles
 m - 2 throwing nets
 n - 21 poisoned darts (quivered)
Armour
 a - an orb of mayhem
 c - a +0 buckler (worn)
 e - a +0 pair of gloves (worn)
 p - a +0 pair of boots (worn)
 q - the +2 cloak of the Bard (worn) {rCorr}
   (You found it on level 4 of the Dungeon)

   rCorr:     It protects you from acid and corrosion.
 v - a +0 plate armour (worn)
Jewellery
 j - a ring of protection from fire
 x - a ring of protection from fire
Wands
 s - a wand of acid (9)
 u - a wand of iceblast (6)
 A - a wand of paralysis (9)
Scrolls
 o - 2 scrolls of silence
 w - 3 scrolls of identify
 y - 3 scrolls of teleportation
 z - 2 scrolls of poison
 B - a scroll of enchant armour {unknown}
 C - a scroll of revelation {unknown}
Potions
 b - 2 potions of ambrosia
 d - 3 potions of might
 f - 2 potions of resistance
 g - 3 potions of heal wounds
 h - 2 potions of attraction
 i - 4 potions of curing
 k - 2 potions of enlightenment
 r - 2 potions of lignification
 t - a potion of brilliance {unknown}


   Skills:
 * Level 7.8 Fighting
 * Level 12.6 Axes
 + Level 1.2 Throwing
 * Level 8.0 Armour
 * Level 6.7 Shields


You had 8 spell levels left.
You didn't know any spells.
Your spell library contained the following spells:

 Spells                   Type           Power      Damage    Failure   Level
 Slow                     Hex            0%         N/A       100%        1
 Confusing Touch          Hex            0%         N/A       100%        3
 Frozen Ramparts          Ice            0%         1d1       100%        3
 Sigil of Binding         Hex            0%         N/A       100%        3
 Vampiric Draining        Necr           0%         2d6       100%        3
 Leda's Liquefaction      Alch/Erth      0%         N/A       100%        4
 Petrify                  Alch/Erth      0%         N/A       100%        4
 Metabolic Englaciation   Hex/Ice        0%         N/A       100%        5


Dungeon Overview and Level Annotations

Branches:
Dungeon (8/15)             Temple (0/1) D:5           Sewer (visited)
   Lair: D:8-11

Altars:
Cheibriados
Dithmenos
Fedhas
Gozag
Hepliaklqana
Kikubaaqudgha
Makhleb
Sif Muna
Trog
Wu Jian
The Shining One

Annotations:
D:8 1 runed translucent door


Innate Abilities, Weirdness & Mutations

You have a pair of horns on your head.
You reflexively headbutt those who attack you in melee.


Message History

A water moccasin comes into view.
You are no longer entranced.
Visions of slaying the kobold brigand flood into your mind.
Things that are here:
a +0 dagger; a +0 robe Visions of slaying the four-headed hydra flood into your mind.
Your sun demon barely misses the kobold brigand.
The kobold brigand barely misses your sun demon.
The four-headed hydra bites you but does no damage. x2
The four-headed hydra bites you.
The four-headed hydra bites you but does no damage.
You lop one of the four-headed hydra's heads off!
The three-headed hydra grows two more!
You slice the five-headed hydra!!
The five-headed hydra is moderately wounded.
The water moccasin bites your sun demon but does no damage.
Your sun demon hits the water moccasin!!
The water moccasin is engulfed in flames!!
The water moccasin dies!
Trog accepts your kill.
The kobold brigand hits your sun demon with a +0 short sword.
The five-headed hydra bites you. x2; The five-headed hydra bites you! x2
The five-headed hydra bites you.
Your Throwing skill increases to level 1!
You hack one of the five-headed hydra's heads off!
The four-headed hydra grows two more!
You slice the six-headed hydra!!
The six-headed hydra is severely wounded.
Your sun demon hits the kobold brigand!!
The kobold brigand is engulfed in flames!
The kobold brigand dies!
Trog accepts your kill. The six-headed hydra bites you!
* * * LOW HITPOINT WARNING * * *
The six-headed hydra bites you.
* * * LOW HITPOINT WARNING * * *
The six-headed hydra bites you!
* * * LOW HITPOINT WARNING * * *
The six-headed hydra bites you.
* * * LOW HITPOINT WARNING * * *
The six-headed hydra bites you.
You die... #.# ⌠..⌠ #.# KY.

#.# #. #.# ... '.. ..#
#.# .... #.. #.. #.#
.⌠..⌠ #.# ..# #.##.....
#o##.. #.#??# #Y..#
#.#z## #3D.# #.### #@#
#.## #####3# #..#
#.....# ##.# #.##### .
##)#### ###'## ####.#
##....####...[####....#
.
#......##.....)##......
..
....#.......#.......#
...
..####....####..).###
...#


You could see a six-headed hydra (mesmerising, ally target), a sky beast, an orc
and 2 friendly sun demons.

Vanquished Creatures
  A wyvern (D:8)
  3 steam dragons
  Duvessa (D:5)
  A black bear (D:5)
  An ice beast (D:7)
  An ogre (D:6)
  A centaur (D:7)
  2 bullfrogs
  A gnoll sergeant (D:6)
  A scorpion (D:6)
  2 wights
  Dowan (D:5)
  5 howler monkeys
  5 orc priests
  Crazy Yiuf (D:2)
  4 hounds
  5 iguanas
  3 sleepcaps
  Terence (D:2)
  8 orc wizards
  9 gnolls
  7 adders
  3 river rats (Sewer)
  A shadow imp (D:8)
  A white imp (D:7)
  2 ufetubi (D:7)
  3 ribbon worms
  6 dart slugs
  27 orcs
  3 endoplasms
  A giant cockroach (D:1)
  7 goblins
  3 hobgoblins
  5 quokkas
  6 ball pythons
  5 bats
  A frilled lizard (D:3)
  7 kobolds
  8 rats
153 creatures vanquished.

Vanquished Creatures (collateral kills)
  A steam dragon (D:8)
  2 water moccasins
  An ice beast (D:5)
  A centaur (D:7)
  A kobold brigand (D:8)
  3 wights (D:7)
  A howler monkey (D:6)
  A bombardier beetle (D:4)
  2 hounds
  A gnoll bouda (D:6)
  2 jellies
  2 orc priests
  An orc wizard (D:7)
  A hell rat (Sewer)
  4 gnolls (D:6)
  A river rat (D:3)
  2 white imps
  3 orcs
  A giant cockroach (D:3)
  A hobgoblin (D:3)
  2 ball pythons
  2 rats
36 creatures vanquished.

Grand Total: 189 creatures vanquished

Notes
Turn   | Place    | Note
-------+----------+-------------------------------------------
     0 | D:1      | Sobaton the Minotaur Fighter began the quest for the Orb.
     0 | D:1      | Reached XP level 1. HP: 19/19 MP: 0/0
   106 | D:1      | Reached XP level 2. HP: 23/27 MP: 1/1
   580 | D:2      | Reached XP level 3. HP: 32/33 MP: 2/2
   585 | D:2      | Found the +16 obsidian axe {drain, demonic, Mesm ^Drain Fly
                  | SInv}
   623 | D:2      | Reached skill level 3 in Axes
   715 | D:2      | Noticed Terence
   717 | D:2      | Killed Terence
   718 | D:2      | Reached XP level 4. HP: 41/41 MP: 3/3
   793 | D:2      | Found an ornate altar of the Wu Jian Council.
   821 | D:2      | Reached skill level 4 in Axes
   911 | D:2      | Reached XP level 5. HP: 47/47 MP: 4/4
  1194 | D:2      | Found a runed translucent door.
  1195 | D:2      | Noticed Crazy Yiuf
  1199 | D:2      | Killed Crazy Yiuf
  1446 | D:3      | Found an opulent altar of Gozag.
  1528 | D:3      | Reached skill level 5 in Axes
  1563 | D:3      | Found a shimmering blue altar of Sif Muna.
  1688 | D:3      | Reached XP level 6. HP: 55/55 MP: 5/5
  1691 | D:3      | Reached skill level 5 in Armour
  1850 | D:3      | Found a glowing drain.
  1854 | Sewer    | Entered a sewer
  1863 | Sewer    | Reached skill level 6 in Axes
  1865 | Sewer    | Reached skill level 5 in Fighting
  2456 | D:4      | Reached XP level 7. HP: 61/61 MP: 6/6
  2476 | D:4      | Identified the +2 cloak of the Bard {rCorr}
  2695 | D:5      | Entered Level 5 of the Dungeon
  2735 | D:5      | Reached skill level 7 in Axes
  2808 | D:5      | Identified the +3 arbalest of Understanding {elec, rPois}
  2822 | D:5      | Reached skill level 5 in Shields
  2853 | D:5      | Found a hazy altar of Hepliaklqana.
  2853 | D:5      | Found a bloodstained altar of Trog.
  2863 | D:5      | Reached skill level 8 in Axes
  2879 | D:5      | Became a worshipper of Trog the Wrathful
  2942 | D:5      | Noticed Duvessa
  2942 | D:5      | Noticed Dowan
  2945 | D:5      | Killed Dowan
  2949 | D:5      | Killed Duvessa
  2950 | D:5      | Reached XP level 8. HP: 70/70 MP: 7/7
  2956 | D:5      | Found a staircase to the Ecumenical Temple.
  3038 | D:5      | Identified the +6 sling "Deoceopn" {heavy, rCorr Str+4
                  | Dex-3 Stlth+}
  3257 | D:6      | Reached skill level 9 in Axes
  3458 | D:6      | Reached skill level 10 in Axes
  3641 | D:6      | Reached * piety under Trog
  3915 | D:7      | Reached XP level 9. HP: 78/78 MP: 8/8
  3976 | D:7      | Reached skill level 11 in Axes
  4102 | D:7      | Found a blossoming altar of Fedhas.
  4104 | D:7      | Found a glowing golden altar of the Shining One.
  4104 | D:7      | Found an ancient bone altar of Kikubaaqudgha.
  4105 | D:7      | Found a shadowy altar of Dithmenos.
  4105 | D:7      | Found a snail-covered altar of Cheibriados.
  4148 | D:7      | Reached ** piety under Trog
  4781 | D:8      | Found a runed translucent door.
  4781 | D:8      | Found a burning altar of Makhleb.
  4781 | D:8      | Noticed a sixfirhy
  4788 | D:8      | Reached skill level 12 in Axes
  5053 | D:8      | Noticed a four-headed hydra
  5058 | D:8      | Reached skill level 1 in Throwing
  5058 | D:8      | HP: 3/81 [six-headed hydra (6)]
  5058 | D:8      | Slain by a six-headed hydra

Illustrated notes

Levels and vault maps discovered:
D:1:      amcnicky_arrival_wind_blow, layout_basic
D:2:      layout_loops_ring, basic_altar, kennysheep_generic_room_3,
          uniq_terence, uniq_crazy_yiuf_cottage
D:3:      layout_basic, grunt_gozag_statues, nicolae_sif_muna_little_library,
          gup_sewer_entry_bowl, nrook_loot_triangle, hellmonk_no_cap
D:4:      layout_cave_pools
D:5:      minmay_angry_zag, layout_gridville, nicolae_overflow_squiral,
          temple_statues, kennysheep_generic_room_13, uniq_duvessa
D:6:      layout_rooms, kennysheep_generic_room_4
D:7:      layout_loops_ring, grunt_temple_overflow_open, corexii_corridor_pit,
          grunt_ministairs_4, columned_hall_lemuel, kb_lookout_dungeons_type
D:8:      wad_guarded_room, layout_rooms, nzn_makhleb_speed_demon

Skill      XL: |  1  2  3  4  5  6  7  8  9 |
---------------+----------------------------+-----
Fighting       | 4 5 6 7 |  7.8
Armour         | 4 5 7 8 |  8.0
Shields        | 4 5 6 |  6.7
Axes           | 3 4 5 6 8 10 12 | 12.6
Throwing       | 1 |  1.2

Action                     |  1- 3 |  4- 6 |  7- 9 || total
---------------------------+-------+-------+-------++-------
  Melee: War axe           |    45 |       |       ||    45
         Headbutt          |     8 |     6 |    10 ||    24
         Broad axe         |    12 |    73 |   123 ||   208
  Throw: Dart              |       |       |     1 ||     1
    Use: Scroll            |       |    10 |     5 ||    15
 Armour: Scale mail        |    43 |       |       ||    43
         Chain mail        |       |    57 |    29 ||    86
         Plate armour      |       |       |    92 ||    92
  Dodge: Dodged            |    21 |    36 |    43 ||   100
  Block: Buckler           |     9 |    11 |    26 ||    46
